 Dungeon Crawl Stone Soup version 0.23.1 (webtiles) character file.

Game seed: 0

542162 night the Cloud Mage (level 24, -4/176 HPs)
             Began as a Demonspawn Gladiator on Mar 1, 2019.
             Was the Champion of Cheibriados.
             Killed from afar by a tengu reaver (24 damage)
             ... with a bolt of magma
             ... on level 5 of the Vaults on Mar 4, 2019.
             The game lasted 05:36:23 (53088 turns).

night the Cloud Mage (Demonspawn Gladiator)        Turns: 53088, Time: 05:36:24

Health: -4/176     AC: 33    Str: 33    XL:     24   Next: 77%
Magic:  37/37      EV: 20    Int: 32    God:    Cheibriados [******]
Gold:   4812       SH:  0    Dex: 36    Spells: 3/44 levels left

rFire    + . .     SeeInvis +     - Unarmed
rCold    + . .     Gourm    .   (no shield)
rNeg     + . .     Faith    .   a - +6 storm dragon scales {Bai Suzhen}
rPois    +         Spirit   .   (helmet unavailable)
rElec    +         Reflect  .   q - +2 cloak {MR+}
rCorr    .         Harm     .   y - +2 pair of gloves
MR       +++..                  W - +2 pair of boots of Claustrophobia {MR+ Str+2}
Stlth    +.........             U - amulet "Ciryihiskugh" {RegenMP rF+ Dex+3}
HPRegen  0.79/turn              s - ring of wizardry
MPRegen  0.50/turn              C - ring "Xizism" {rN+ SInv}

@: studying Necromancy, very slow
A: hooves 1, horns 3, cold resistance 1, icemail, poison resistance, powered by
death 3, regeneration 1, evolution 1, augmentation 3, freezing cloud immunity,
sturdy frame 2
}: 3/15 runes: serpentine, barnacled, silver
a: Bend Time, Temporal Distortion, Slouch, Step From Time, Renounce Religion


You were on level 5 of the Vaults.
You worshipped Cheibriados.
Cheibriados was exalted by your worship.
You were not hungry.

You visited 8 branches of the dungeon, and saw 42 of its levels.
You also visited: Sewer, Ossuary, Gauntlet and Ice Cave.

You collected 7143 gold pieces.
You spent 2331 gold pieces at shops.

Inventory:

Hand Weapons
 b - the +12 hunting sling of Wiunan {velocity, Str+3 Int-2 Stlth+}
   (You bought it in a shop on level 2 of the Orcish Mines)

   Any stone fired from it inflicts extra damage.
   It affects your strength (+3).
   It affects your intelligence (-2).
   It makes you more stealthy.
Missiles
 c - 16 throwing nets (quivered)
 r - 441 sling bullets
Armour
 a - +6 storm dragon scales (worn) {Bai Suzhen}
 g - the +8 orange crystal plate armour {Archmagi, Int+3 Clar}
   (You found it on level 5 of the Vaults)

   It affects your intelligence (+3).
   It protects you against confusion.
 q - a +2 cloak of magic resistance (worn)
 y - a +2 pair of gloves (worn)
 W - the +2 pair of boots of Claustrophobia (worn) {MR+ Str+2}
   (You bought it in a shop on level 1 of the Vaults)

   It affects your strength (+2).
   It affects your resistance to hostile enchantments.
Magical Staves
 H - an uncursed staff of energy
 Z - an uncursed staff of air
Jewellery
 h - an uncursed ring of protection from magic
 j - an uncursed ring of resist corrosion
 s - a ring of wizardry (left hand)
 w - a +4 ring of slaying
 C - the ring "Xizism" (right hand) {rN+ SInv}
   (You found it in a Gauntlet)

   [ring of positive energy]

   It protects you from negative energy.
   It lets you see invisible.
 G - an uncursed ring of positive energy
 M - a +5 amulet of reflection
 N - the amulet of Yendor {RegenMP MR+}
   (You found it on level 5 of the Vaults)

   [amulet of magic regeneration]

   It increases your magic regeneration.
   It affects your resistance to hostile enchantments.
 S - an uncursed ring of ice
 U - the amulet "Ciryihiskugh" (around neck) {RegenMP rF+ Dex+3}
   (You took it off a frost giant on level 5 of the Depths)

   [amulet of magic regeneration]

   It increases your magic regeneration.
   It affects your dexterity (+3).
   It protects you from fire.
 X - an uncursed ring of flight
Wands
 m - a wand of digging (8)
 I - a wand of iceblast (40)
 K - a wand of disintegration (82)
 O - a wand of acid (9)
 Q - a wand of scattershot (5)
 V - a wand of paralysis (28)
Scrolls
 e - 11 scrolls of enchant weapon
 n - 3 scrolls of fog
 p - 16 scrolls of remove curse
 t - 10 scrolls of identify
 A - 24 scrolls of teleportation
 B - a scroll of brand weapon
 F - 5 scrolls of magic mapping
 J - 3 scrolls of fear
Potions
 i - 5 potions of resistance
 k - 3 potions of agility
 l - 19 potions of curing
 u - 14 potions of haste
 v - 7 potions of magic
 x - 2 potions of heal wounds
 z - 2 potions of brilliance
 D - 9 potions of might
 E - 9 potions of flight
 P - a potion of invisibility
Books
 f - a manual of Necromancy
Miscellaneous
 o - a phial of floods
 T - a lightning rod (4/4)
 Y - 2 boxes of beasts
Comestibles
 d - 64 rations


   Skills:
 - Level 11.4 Fighting
 - Level 11.9(12.0) Slings
 - Level 1.7(7.9) Throwing
 * Level 13.9 Armour
 - Level 8.2 Dodging
 - Level 19.6 Unarmed Combat
 - Level 10.5 Spellcasting
 - Level 8.3 Conjurations
 - Level 5.6 Transmutations
 - Level 3.0 Ice Magic
 + Level 23.6 Air Magic
 - Level 10.5 Invocations


You had 3 spell levels left.
You knew the following spells:

 Your Spells              Type           Power        Failure   Level  Hunger
a - Mephitic Cloud        Conj/Pois/Air  ######..     1%          3    None
b - Freezing Cloud        Conj/Ice/Air   #######...   2%          6    #####..
c - Conjure Flame         Conj/Fire      #####...     1%          3    None
d - Blade Hands           Tmut           ######....   6%          5    ###....
e - Airstrike             Air            ########..   0%          4    None
f - Lightning Bolt        Conj/Air       #######...   1%          5    ###....
g - Tornado               Air            ########..   13%         9    #######
h - Deflect Missiles      Chrm/Air       #######...   2%          6    #####..

Your spell library contained the following spells:

 Spells                   Type           Power        Failure   Level  Hunger
 Shock                    Conj/Air       ####         0%          1    None
 Static Discharge         Conj/Air       #######.     0%          3    None
 Beastly Appendage        Tmut           ######       1%          1    None
 Ensorcelled Hibernation  Hex/Ice        ####..       1%          2    None
 Passwall                 Tmut/Erth      ####....     1%          2    None
 Poisonous Vapours        Pois/Air       ######       1%          2    None
 Sticks to Snakes         Tmut           ######..     1%          2    None
 Swiftness                Chrm/Air       #######.     1%          2    None
 Spider Form              Tmut/Pois      ####......   1%          3    None
 Stone Arrow              Conj/Erth      #####.       1%          3    None
 Animate Skeleton         Necr           N/A          2%          1    None
 Apportation              Tloc           ###...       2%          1    None
 Confusing Touch          Hex            ###...       2%          1    None
 Infusion                 Chrm           ###.         2%          1    None
 Summon Small Mammal      Summ           ###.         2%          1    None
 Corpse Rot               Necr           N/A          3%          2    None
 Shroud of Golubria       Chrm/Tloc      ###.......   3%          2    None
 Song of Slaying          Chrm           ###.....     3%          2    None
 Sublimation of Blood     Necr           ###.......   3%          2    None
 Confuse                  Hex            ###.....     6%          3    None
 Gell's Gravitas          Tloc           ###.......   6%          3    None
 Recall                   Summ/Tloc      N/A          6%          3    None
 Regeneration             Chrm/Necr      ###.......   6%          3    None
 Spectral Weapon          Hex/Chrm       ###.....     6%          3    None
 Silence                  Hex/Air        #######...   1%          5    ###....
 Ice Form                 Ice/Tmut       #####...     3%          4    None
 Irradiate                Conj/Tmut      ######....   3%          5    ###....
 Petrify                  Tmut/Erth      ####....     6%          4    None
 Bolt of Draining         Conj/Necr      #####.....   11%         5    ###....
 Venom Bolt               Conj/Pois      #####.....   11%         5    ###....
 Yara's Violent Unravell  Hex/Tmut       ####......   17%         5    ###....
 Animate Dead             Necr           N/A          21%         4    None
 Cause Fear               Hex            ###.......   21%         4    None
 Leda's Liquefaction      Hex/Erth       ###.......   21%         4    None
 Metabolic Englaciation   Hex/Ice        ####......   30%         5    ###....
 Bolt of Cold             Conj/Ice       ######....   30%         6    #####..
 Hydra Form               Tmut           ######....   30%         6    #####..
 Agony                    Necr           ###.....     47%         5    ###....
 Borgnjor's Vile Clutch   Necr/Erth      ###.......   47%         5    ###....
 Dispel Undead            Necr           ###.....     47%         5    ###....
 Excruciating Wounds      Chrm/Necr      ###.......   47%         5    ###....
 Lee's Rapid Deconstruct  Erth           ###.......   47%         5    ###....
 Summon Forest            Summ/Tloc      ###.......   47%         5    ###....
 Iron Shot                Conj/Erth      #####.....   47%         6    #####..
 Statue Form              Tmut/Erth      ####.....    65%         6    #####..
 Simulacrum               Ice/Necr       ####......   83%         6    #####..
 Dragon Form              Tmut           ######....   83%         7    ######.
 Darkness                 Hex            ###.......   95%         6    #####..
 Death Channel            Necr           ###.......   95%         6    #####..
 Shadow Creatures         Summ           N/A          95%         6    #####..
 Ring of Flames           Chrm/Fire      ###.......   100%        7    ######.
 Summon Hydra             Summ           ###.......   100%        7    ######.
 Discord                  Hex            ###.......   100%        8    #######
 Ignition                 Fire           ###.......   100%        8    #######
 Shatter                  Erth           ###.......   100%        9    #######


Dungeon Overview and Level Annotations

Branches:
Dungeon (15/15)            Temple (1/1) D:7            Lair (6/6) D:11
 Shoals (4/4) Lair:2        Snake (4/4) Lair:2        Slime (0/5) Lair:5
    Orc (2/2) D:12            Elf (0/3) Orc:2        Vaults (5/5) D:14
  Crypt (0/3) Vaults:3     Depths (5/5) D:15            Zot (0/5) Depths:5

Altars:
Ashenzari
Cheibriados
Dithmenos
Elyvilon
Fedhas
Gozag
Hepliaklqana
Kikubaaqudgha
Makhleb
Nemelex Xobeh
Okawaru
Qazlal
Ru
Sif Muna
Trog
Uskayaw
Vehumet
Wu Jian
Xom
Yredelemnul
Zin
The Shining One
Jiyva

Shops:
D:5 :   D:11 [   D:12 }*   Orc:2 %***(   Vaults:1 [   Vaults:3 (   Depths:2 :

Portals:
Hell: Depths:1 Depths:2 Depths:5
Abyss: Depths:5
Pandemonium: Depths:2 Depths:3 Depths:4 Depths:5
Ziggurat: Depths:5

Annotations:
D:6 1 runed translucent door, Lanoc's ghost, novice DsBe
D:7 exclusion: oklob plant
D:9 2 transporters, zedzed's ghost, novice GrGl
D:11 exclusion: orange crystal statue
Shoals:3 2 transporters, SeriousVitamin's ghost, adept DEFE
Depths:2 3 runed translucent doors


Innate Abilities, Weirdness & Mutations

You have a pair of large horns on your head.
Your flesh is cold resistant. (rC+)
A meltable icy envelope protects you from harm. (AC +0)
You regenerate a lot of health from kills.
Your magical and physical power is greatly enhanced at high health.
You are immune to freezing clouds.
Your movements are less encumbered by armour. (ER -4)
You have large cloven feet.
Your system is resistant to poisons. (rPois)
Your natural rate of healing is unusually fast.
You evolve.


Message History

You punch the tengu reaver.
The tengu reaver is almost dead.
The titan hits you!
* * * LOW HITPOINT WARNING * * *
The titan hits you but does no damage. The tengu reaver closely misses you.
The tengu reaver pecks you.
* * * LOW HITPOINT WARNING * * *
The tengu reaver claws you but does no damage.
The titan hits you!!
* * * LOW HITPOINT WARNING * * *
Okay, then.
You feel much better. The titan hits you!!
* * * LOW HITPOINT WARNING * * *
The tengu reaver hits you but does no damage.
The tengu reaver pecks you but does no damage.
The tengu reaver claws you but does no damage.
The titan hits you but does no damage. The tengu reaver casts a spell at you.
The bolt of magma hits you!! You partially resist.
You die...

##############
..............
............. #
#########........# #.
#.#.#.#...........
#?#
#.#.#.#.#.#....##.
(..#...#(#.#.#....###
#.#@#.#...#.#....# #
#.C.#.#.#.#.#....###
#.#Q#...#.#.#....#..
#.#*#.#.#.#.#....#..
# #...#.#.#.#....#..
#.#.#.#.#.#....#..
#)#.#.#.# #.#
#.#.#.#.# #.. ..#.#..
#....#..


You could see a titan, a tengu reaver and a battlesphere.

Vanquished Creatures
  2 ancient liches
  A juggernaut (Depths:5)
  Boris (twice) (Vaults:4 Depths:2)
  Bai Suzhen (Vaults:4)
  Margery (Depths:2)
  3 caustic shrikes (Depths:5)
  4 golden dragons (Vaults:5)
  Nikola (Snake:1)
  2 liches
  5 tentacled monstrosities
  2 quicksilver dragons
  A kraken (Shoals:4)
  4 titans
  Polyphemus (Shoals:2)
  3 sphinxes
  3 tengu reavers
  5 storm dragons
  Donald (Vaults:1)
  5 shadow dragons
  8 nagarajas
  A draconian knight (Depths:5)
  7 fire giants
  An iron dragon (Depths:5)
  Aizul (Snake:1)
  22 vault wardens
  17 frost giants
  2 deep elf sorcerers
  A balrug (Depths:1)
  A caustic shrike skeleton (Depths:5)
  25 very ugly things
  14 ironheart preservers
  A war gargoyle (Vaults:5)
  3 spriggan defenders
  2 deep elf elementalists
  A large abomination (Vaults:3)
  22 stone giants
  6 entropy weavers
  4 vampire knights
  A minotaur (Gauntlet)
  3 deep elf demonologists
  2 deep elf annihilators (Vaults:5)
  9 spark wasps
  2 merfolk javelineers
  A deep elf death mage (Vaults:3)
  Josephine (Snake:1)
  7 ettins
  10 merfolk impalers
  An eidolon (Vaults:3)
  2 crystal guardians
  14 fire dragons
  A jiangshi (Depths:5)
  A blizzard demon (Gauntlet)
  6 hydras
  7 great orbs of eyes
  37 vault guards
  3 deep elf high priests
  21 yaktaur captains
  Fannar (D:12)
  8 rakshasas
  2 merfolk avatars
  16 ice dragons
  8 spriggan air magi
  19 naga warriors
  14 centaur warriors
  2 catoblepae
  17 ogre magi
  36 two-headed ogres
  9 anacondas
  2 death knights (Vaults:4)
  2 alligator snapping turtles
  9 death yaks
  6 satyrs
  2 merfolk aquamancers (Shoals:4)
  5 tengu warriors
  A shock serpent (shapeshifter) (Depths:5)
  11 hell knights
  9 deep troll shamans
  8 deep troll earth magi
  7 spriggan berserkers
  A dancing weapon (Vaults:5)
  5 vampire magi
  Urug (Lair:5)
  A storm dragon zombie (Vaults:4)
  3 orc high priests (Orc:2)
  5 shock serpents
  9 naga sharpshooters
  A fire crab (shapeshifter) (Depths:2)
  A soul eater (Depths:2)
  14 skeletal warriors
  4 iron trolls
  A shadow wraith (Vaults:4)
  6 deep elf knights
  2 salamander mystics
  9 sea snakes
  A shadow demon (Depths:2)
  A glowing orange brain (shapeshifter) (Vaults:2)
  4 unseen horrors
  3 flayed ghosts
  5 naga ritualists
  An unseen horror (shapeshifter) (Depths:2)
  3 spark wasp zombies (Depths:5)
  A swamp dragon (Lair:6)
  38 deep trolls
  2 gelid demonspawn (Depths:2)
  3 glowing orange brains
  9 wizards
  A deep elf archer (Vaults:4)
  23 ironbrand convokers
  14 orc knights
  10 harpies
  8 phantasmal warriors
  4 wolf spiders
  8 necromancers
  A wolf spider zombie (D:14)
  10 orc sorcerers
  20 salamanders
  A shining eye (shapeshifter) (Depths:5)
  A cyclops (shapeshifter) (Depths:5)
  10 deep elf magi
  A sphinx skeleton (Vaults:2)
  6 mana vipers
  41 ugly things
  A salamander (shapeshifter) (Depths:4)
  A lindwurm (Lair:6)
  16 manticores
  17 fauns
  A manticore (shapeshifter) (Depths:5)
  17 cyclopes
  An elephant (shapeshifter) (Vaults:5)
  5 elephants
  10 water nymphs
  2 ice statues (IceCv)
  4 merfolk sirens
  A torpor snail (Lair:2)
  20 naga magi
  Joseph (D:7)
  43 black mambas
  3 guardian serpents
  13 vault sentinels
  A gargoyle (D:12)
  2 centaur skeletons (D:15)
  11 spiny frogs
  12 komodo dragons
  70 yaktaurs
  A rime drake (shapeshifter) (Vaults:3)
  2 komodo dragons (shapeshifter)
  7 rime drakes
  An ice devil (Gauntlet)
  8 freezing wraiths
  4 tengu conjurers
  A yaktaur skeleton (Vaults:2)
  2 red devils (Depths:1)
  21 merfolk
  A polar bear (shapeshifter) (Depths:5)
  6 trolls
  2 polar bears
  5 wind drakes
  2 hornets (shapeshifter)
  2 jumping spiders
  6 hornets
  8 blink frogs
  14 hippogriffs
  8 snapping turtles
  A fire giant simulacrum (Vaults:2)
  16 dream sheep
  2 human simulacra (Vaults:1)
  34 slime creatures
  2 redbacks (Vaults:1)
  2 shadows
  13 water elementals
  A tarantella (shapeshifter) (Depths:5)
  A tarantella (Vaults:5)
  2 ettin skeletons (Vaults:4)
  A spriggan (shapeshifter) (Depths:5)
  10 wraiths
  7 spriggans
  4 wyverns
  21 humans
  A yak (shapeshifter) (Depths:5)
  10 basilisks
  25 yaks
  4 hungry ghosts
  A neqoxec (Depths:2)
  2 steam dragons (Lair:6)
  7 vampire mosquitoes (D:13)
  Edmund (D:4)
  4 wargs
  A soldier ant (D:12)
  65 nagas
  5 acid dragons
  9 water moccasins
  A floating eye (shapeshifter) (Vaults:5)
  A floating eye (Depths:2)
  6 porcupines
  2 swamp drakes (Lair:6)
  3 black bears
  43 orc warriors
  28 ice beasts
  4 sky beasts
  4 necrophages
  An ogre (shapeshifter) (Depths:5)
  A hornet zombie (D:13)
  An eye of draining (shapeshifter) (Depths:2)
  11 boggarts
  23 centaurs
  3 phantoms
  9 wolves
  43 ogres
  21 crocodiles
  2 big kobolds
  An elf zombie (D:14)
  24 bullfrogs
  A gnoll sergeant (D:9)
  A wyvern skeleton (D:10)
  3 scorpions
  10 wights
  4 killer bees
  2 howler monkeys (D:9)
  8 crimson imps
  3 bullfrog zombies
  6 hounds
  A quasit (D:7)
  8 human zombies
  3 centaur zombies
  7 jellies
  21 orc priests
  38 orc wizards
  Jessica (D:2)
  3 bullfrog skeletons
  9 iguanas
  7 worker ants
  A big kobold zombie (Ossuary)
  3 hound zombies
  A hound skeleton (D:4)
  2 worker ant zombies (D:6)
  7 mummies
  3 gnolls (D:9)
  A river rat (D:4)
  17 adders
  A shadow imp (D:8)
  3 white imps (Gauntlet)
  2 oozes
  3 adder zombies
  3 worms
  3 dart slugs
  4 leopard geckos
  97 orcs
  9 giant cockroaches
  4 hobgoblins
  21 jackals
  5 quokkas
  7 ball pythons
  5 bats
  9 frilled lizards
  10 goblins
  A goblin zombie (Ossuary)
  A jackal skeleton (D:4)
  2 jackal zombies (Ossuary)
  23 kobolds
  An orc skeleton (D:14)
  3 orc zombies (Ossuary)
  3 quokka skeletons
  11 rats
  A crawling corpse (Vaults:3)
  5 plants
  2 tentacles (Shoals:4)
2049 creatures vanquished.

Vanquished Creatures (others)
  A fire giant (Depths:4)
  A yaktaur captain (Vaults:4)
  A naga sharpshooter (Snake:4)
  5 yaktaurs
  A boggart (Vaults:1)
  3 centaurs
  2 orc wizards (Orc:2)
  An orc priest (Orc:2)
  A shadow imp (Gauntlet)
  2 orcs (Orc:2)
  14 fungi
  9 plants
  26 tentacles (Shoals:4)
67 creatures vanquished.

Grand Total: 2116 creatures vanquished

Notes
Turn   | Place    | Note
-------+----------+-------------------------------------------
     0 | D:1      | night the Demonspawn Gladiator began the quest for the Orb.
     0 | D:1      | Reached XP level 1. HP: 16/16 MP: 1/1
   738 | D:1      | Gained mutation: Your flesh is cold resistant. (rC+)
                  | [demonic ancestry]
   738 | D:1      | Reached XP level 2. HP: 17/22 MP: 2/2
  1245 | D:2      | Gained mutation: You have a pair of small horns on your
                  | head. [demonic ancestry]
  1245 | D:2      | Reached XP level 3. HP: 20/27 MP: 3/3
  2288 | D:2      | Gained mutation: Your movements are slightly less
                  | encumbered by armour. (ER -2) [demonic ancestry]
  2288 | D:2      | Reached XP level 4. HP: 33/33 MP: 4/4
  2357 | D:2      | Noticed Jessica
  2367 | D:2      | Killed Jessica
  2605 | D:3      | Reached skill level 5 in Unarmed Combat
  2924 | D:3      | Gained mutation: You regenerate a little health from kills.
                  | [demonic ancestry]
  2924 | D:3      | Reached XP level 5. HP: 12/38 MP: 5/5
  2924 | D:3      | HP: 1/38 [orc/+0 trident (5)]
  3887 | D:4      | Found a glowing drain.
  3912 | Sewer    | Entered a sewer
  4140 | Sewer    | Reached XP level 6. HP: 38/44 MP: 6/6
  4663 | D:4      | Noticed Edmund
  4687 | D:4      | Killed Edmund
  4840 | D:4      | Reached XP level 7. HP: 50/50 MP: 7/7
  5472 | D:4      | Found a bloodstained altar of Trog.
  5631 | D:5      | Entered Level 5 of the Dungeon
  5914 | D:5      | Found Vowayguibu's Book Shoppe.
  6282 | D:5      | Found a sand-covered staircase.
  6286 | Ossuary  | Entered an ossuary
  6510 | D:5      | Reached XP level 8. HP: 41/56 MP: 8/8
  7836 | D:6      | Found a runed translucent door.
  7837 | D:6      | Noticed Lanoc's ghost (novice DsBe)
  7837 | D:6      | Noticed a red ugly thing
  7992 | D:7      | Reached skill level 10 in Unarmed Combat
  8018 | D:7      | Identified the +0 leather armour of Imperfection {rC+ rN+
                  | Str+3} (You found it on level 7 of the Dungeon)
  8096 | D:7      | Found a glowing golden altar of the Shining One.
  8096 | D:7      | Noticed an oklob plant
  8216 | D:6      | You fall through a shaft for 2 floors!
  8219 | D:8      | Noticed a two-headed ogre
  8261 | D:7      | Noticed Joseph
  8295 | D:7      | Gained mutation: You have large cloven feet. [potion of
                  | mutation]
  8295 | D:7      | Gained mutation: You are frail. (-10% HP) [potion of
                  | mutation]
  8295 | D:7      | Gained mutation: Your skin changes colour to match your
                  | surroundings (Stealth+). [potion of mutation]
  8298 | D:7      | Killed Joseph
  8298 | D:7      | Reached XP level 9. HP: 12/54 MP: 9/9
  9031 | D:7      | Found a staircase to the Ecumenical Temple.
  9040 | Temple   | Entered the Ecumenical Temple
  9236 | Temple   | Became a worshipper of Cheibriados the Contemplative
  9557 | D:7      | Reached skill level 1 in Invocations
 10069 | D:8      | Killed a two-headed ogre
 10069 | D:8      | Reached skill level 5 in Invocations
 10507 | D:8      | Reached * piety under Cheibriados
 10507 | D:8      | Gained mutation: You have a pair of horns on your head.
                  | [demonic ancestry]
 10507 | D:8      | Reached XP level 10. HP: 58/65 MP: 14/14
 10535 | D:8      | Got a crude scale mail
 10546 | D:8      | Identified the +6 scale mail "Meseycac" {MR+ Str+6 Int-3}
                  | (You found it on level 8 of the Dungeon)
 10672 | D:8      | Reached skill level 5 in Fighting
 11160 | D:9      | Noticed zedzed's ghost (novice GrGl)
 11170 | D:9      | Found a transporter.
 11175 | D:9      | Found a transporter.
 11200 | D:9      | Reached ** piety under Cheibriados
 11913 | D:10     | Entered Level 10 of the Dungeon
 11921 | D:10     | Noticed a two-headed ogre
 12031 | D:5      | Bought a book of Clouds for 540 gold pieces
 12035 | D:5      | Learned a level 3 spell: Mephitic Cloud
 12205 | D:10     | Killed a two-headed ogre
 12205 | D:10     | Reached skill level 1 in Spellcasting
 12205 | D:10     | Reached skill level 1 in Conjurations
 12205 | D:10     | Reached skill level 1 in Air Magic
 12776 | D:10     | Reached skill level 2 in Air Magic
 12785 | D:10     | Learned a level 6 spell: Freezing Cloud
 12923 | D:10     | Found the +3 crown of Dyrovepreva {rElec Int+2 SInv}
 13116 | D:10     | Reached *** piety under Cheibriados
 13558 | D:11     | Noticed a white ugly thing
 13571 | D:11     | Killed a white ugly thing
 13571 | D:11     | Reached skill level 3 in Air Magic
 13571 | D:11     | Gained mutation: You regenerate health from kills. [demonic
                  | ancestry]
 13571 | D:11     | Reached XP level 11. HP: 60/72 MP: 16/16
 13574 | D:11     | Noticed a white ugly thing
 13594 | D:11     | Killed a white ugly thing
 13594 | D:11     | Reached skill level 1 in Armour
 13611 | D:11     | Reached **** piety under Cheibriados
 13695 | D:11     | Found Edasoxeu's Antique Armour Shoppe.
 13828 | D:11     | Lost mutation: You have large cloven feet. [potion of
                  | mutation]
 13828 | D:11     | Lost mutation: You are frail. (-10% HP) [potion of
                  | mutation]
 13828 | D:11     | Lost mutation: Your skin changes colour to match your
                  | surroundings (Stealth+). [potion of mutation]
 13828 | D:11     | Gained mutation: You tend to lose your temper in combat.
                  | [potion of mutation]
 13828 | D:11     | Gained mutation: Your flesh is heat resistant. (rF+)
                  | [potion of mutation]
 13829 | D:11     | Lost mutation: You tend to lose your temper in combat.
                  | [potion of mutation]
 13829 | D:11     | Lost mutation: Your flesh is heat resistant. (rF+) [potion
                  | of mutation]
 13829 | D:11     | Gained mutation: You are dopey. (Int -2) [potion of
                  | mutation]
 13829 | D:11     | Gained mutation: You have large cloven feet. [potion of
                  | mutation]
 13829 | D:11     | Gained mutation: Your magical capacity is low. (-10% MP)
                  | [potion of mutation]
 13829 | D:11     | Gained mutation: You have supernaturally acute eyesight.
                  | (SInv) [potion of mutation]
 13841 | D:11     | Reached ***** piety under Cheibriados
 13843 | D:11     | Noticed an unseen horror
 13851 | D:11     | Killed an unseen horror
 14017 | D:11     | Noticed an orange crystal statue
 14087 | D:11     | Found a staircase to the Lair.
 14303 | Lair:1   | Entered Level 1 of the Lair of Beasts
 14342 | Lair:1   | Reached skill level 4 in Air Magic
 14347 | Lair:1   | Learned a level 3 spell: Conjure Flame
 14983 | Lair:2   | Noticed a six-headed hydra
 14988 | Lair:2   | Killed a six-headed hydra
 14988 | Lair:2   | Reached skill level 5 in Conjurations
 15017 | Lair:2   | Identified the Compendium of Sinister Arts and
                  | Transmutation
 15042 | Lair:2   | Found a staircase to the Snake Pit.
 15352 | Lair:2   | Gained mutation: You are immune to freezing clouds.
                  | [demonic ancestry]
 15352 | Lair:2   | Reached XP level 12. HP: 86/86 MP: 17/17
 15454 | Lair:2   | Found a staircase to the Shoals.
 15536 | Lair:2   | Reached skill level 5 in Air Magic
 15597 | Lair:2   | Reached skill level 5 in Spellcasting
 15911 | Lair:3   | Found a gate leading to a gauntlet.
 15925 | Gauntlet | Entered a Gauntlet
 15925 | Gauntlet | Found a transporter.
 15935 | Gauntlet | Found a transporter.
 15937 | Gauntlet | Noticed a blizzard demon
 15949 | Gauntlet | Found a transporter.
 15949 | Gauntlet | Noticed a catoblepas
 15953 | Gauntlet | Found a transporter.
 15955 | Gauntlet | Found a large runed translucent door.
 15955 | Gauntlet | Found a large runed translucent door.
 15956 | Gauntlet | Found a large runed translucent door.
 15956 | Gauntlet | Found a large runed translucent door.
 15957 | Gauntlet | Found a large runed translucent door.
 15957 | Gauntlet | Found a large runed translucent door.
 15957 | Gauntlet | Found a runed translucent door.
 15957 | Gauntlet | Found a runed translucent door.
 15958 | Gauntlet | Found a large runed translucent door.
 15958 | Gauntlet | Found a large runed translucent door.
 15959 | Gauntlet | Found a large runed translucent door.
 15959 | Gauntlet | Found a large runed translucent door.
 15960 | Gauntlet | Found a large runed translucent door.
 15960 | Gauntlet | Found a large runed translucent door.
 15961 | Gauntlet | Found a large runed translucent door.
 15961 | Gauntlet | Found a large runed translucent door.
 15962 | Gauntlet | Found a large runed translucent door.
 15962 | Gauntlet | Found a large runed translucent door.
 15965 | Gauntlet | Found a transporter.
 15965 | Gauntlet | Found a transporter.
 15967 | Gauntlet | Found a runed translucent gate.
 15967 | Gauntlet | Found a runed translucent gate.
 15968 | Gauntlet | Found a runed translucent gate.
 15969 | Gauntlet | Found a transporter.
 15970 | Gauntlet | Found a transporter.
 16003 | Gauntlet | Noticed a death scarab
 16004 | Gauntlet | Noticed a death scarab
 16019 | Gauntlet | Found a transporter.
 16019 | Gauntlet | Found a transporter.
 16023 | Gauntlet | Found a transporter.
 16058 | Gauntlet | Found a transporter.
 16134 | Gauntlet | Killed a blizzard demon
 16185 | Gauntlet | Got a heavily runed glass ring
 16192 | Gauntlet | Identified the ring "Xizism" {rN+ SInv} (You found it in a
                  | Gauntlet)
 16223 | Gauntlet | Noticed a minotaur
 16232 | Gauntlet | Killed a minotaur
 16254 | Gauntlet | Identified Sif Muna's Handbook of Earthen Lightness
 16483 | Lair:3   | Noticed a seven-headed hydra
 16491 | Lair:3   | Killed a seven-headed hydra
 17435 | Lair:4   | Reached skill level 6 in Air Magic
 17446 | Lair:4   | Reached skill level 5 in Armour
 17637 | Lair:4   | Reached ****** piety under Cheibriados
 18043 | Lair:4   | Lost mutation: You have supernaturally acute eyesight.
                  | (SInv) [potion of mutation]
 18043 | Lair:4   | Lost mutation: Your magical capacity is low. (-10% MP)
                  | [potion of mutation]
 18043 | Lair:4   | Gained mutation: Your natural rate of healing is unusually
                  | fast. [potion of mutation]
 18043 | Lair:4   | Gained mutation: Your system is resistant to poisons.
                  | (rPois) [potion of mutation]
 18043 | Lair:4   | Lost mutation: You are dopey. (Int -2) [potion of mutation]
 18217 | Lair:5   | Gained mutation: Your movements are less encumbered by
                  | armour. (ER -4) [demonic ancestry]
 18217 | Lair:5   | Reached XP level 13. HP: 92/92 MP: 22/22
 18341 | Lair:5   | Found a runed translucent door.
 18540 | Lair:5   | Noticed Urug
 18581 | Lair:5   | Killed Urug
 18837 | Lair:5   | Found a viscous altar of Jiyva.
 18960 | Lair:5   | Found a staircase to the Slime Pits.
 18986 | Lair:6   | Entered Level 6 of the Lair of Beasts
 19284 | Lair:6   | Reached skill level 15 in Unarmed Combat
 19299 | Lair:6   | Reached skill level 7 in Air Magic
 19504 | Lair:6   | Noticed a fire dragon
 19523 | Lair:6   | Killed a fire dragon
 20128 | Lair:6   | Reached XP level 14. HP: 98/98 MP: 25/25
 20546 | D:5      | Bought a book of Changes for 300 gold pieces
 20552 | D:5      | Learned a level 5 spell: Blade Hands
 20937 | D:12     | Learned a level 4 spell: Airstrike
 20943 | D:12     | Learned a level 5 spell: Lightning Bolt
 20977 | D:12     | Noticed Fannar
 20992 | D:12     | Killed Fannar
 20992 | D:12     | Reached skill level 1 in Transmutations
 20992 | D:12     | Reached skill level 1 in Ice Magic
 21323 | D:12     | Found Resanots's Gadget Shop.
 21590 | D:12     | Found Eschesonn's Serpentskin Sales.
 21811 | D:12     | Found a staircase to the Orcish Mines.
 21820 | Orc:1    | Entered Level 1 of the Orcish Mines
 22293 | Orc:2    | Entered Level 2 of the Orcish Mines
 22354 | Orc:2    | Found Vaukor's Food Shoppe.
 22426 | Orc:2    | Found a staircase to the Elven Halls.
 23063 | Orc:2    | Paralysed by an orc sorcerer for 2 turns
 23566 | Orc:2    | Found Siorer's Assorted Antiques.
 23566 | Orc:2    | Found Roec's General Store.
 23575 | Orc:2    | Found Buniug's General Store.
 23575 | Orc:2    | Found Iva Wih's Antique Weapon Emporium.
 23705 | Orc:2    | Bought the +12 hunting sling of Wiunan {velocity, Str+3
                  | Int-2 Stlth+} for 1111 gold pieces
 23979 | D:13     | Reached skill level 8 in Air Magic
 24050 | D:13     | Found a frozen archway.
 24067 | IceCv    | Entered an ice cave
 24510 | D:13     | Reached XP level 15. HP: 104/104 MP: 27/27
 25411 | D:14     | Reached skill level 5 in Transmutations
 25455 | D:14     | Reached skill level 9 in Air Magic
 25510 | D:14     | Found a gate to the Vaults.
 25643 | D:14     | Reached skill level 10 in Invocations
 25981 | D:14     | Found a basalt altar of Yredelemnul.
 26428 | D:15     | Entered Level 15 of the Dungeon
 26595 | D:15     | Found a shimmering altar of Xom.
 26826 | D:15     | Found a shimmering altar of Xom.
 26826 | D:15     | Found a shimmering altar of Xom.
 26826 | D:15     | Found a shimmering altar of Xom.
 27001 | D:15     | Found a staircase to the Depths.
 27001 | D:15     | Noticed a frost giant
 27006 | D:15     | Killed a frost giant
 27231 | D:15     | Found a glowing silver altar of Zin.
 27507 | Snake:1  | Entered Level 1 of the Snake Pit
 27687 | Snake:1  | Gained mutation: You regenerate a lot of health from kills.
                  | [demonic ancestry]
 27687 | Snake:1  | Reached XP level 16. HP: 92/113 MP: 21/29
 27714 | Snake:1  | Reached skill level 10 in Air Magic
 27714 | Snake:1  | Reached skill level 1 in Slings
 27820 | Snake:1  | Noticed Aizul
 27835 | Snake:1  | Killed Aizul
 27886 | Snake:1  | Noticed Nikola
 27899 | Snake:1  | Killed Nikola
 28044 | Snake:1  | Noticed Josephine
 28056 | Snake:1  | Killed Josephine
 28674 | Snake:2  | You fall through a shaft!
 29304 | Snake:2  | Reached skill level 5 in Dodging
 29578 | Snake:3  | Found an iron altar of Okawaru.
 29919 | Snake:3  | Reached skill level 5 in Slings
 30208 | Snake:3  | Gained mutation: Your magical and physical power is
                  | slightly enhanced at high health. [demonic ancestry]
 30208 | Snake:3  | Reached XP level 17. HP: 107/122 MP: 30/30
 30338 | Snake:4  | Entered Level 4 of the Snake Pit
 31569 | Snake:4  | Reached skill level 10 in Slings
 31866 | Snake:4  | Got a serpentine rune of Zot
 32017 | Shoals:1 | Entered Level 1 of the Shoals
 32061 | Shoals:1 | Got a crude amber ring
 32063 | Shoals:1 | Identified the ring of Kaogg {Dex+4 Stlth-} (You found it
                  | on level 1 of the Shoals)
 33822 | Shoals:2 | Reached skill level 11 in Air Magic
 33824 | Shoals:2 | Gained mutation: You have a pair of large horns on your
                  | head. [demonic ancestry]
 33824 | Shoals:2 | Reached XP level 18. HP: 114/130 MP: 31/31
 33930 | Shoals:2 | Noticed Polyphemus
 33953 | Shoals:2 | Killed Polyphemus
 33953 | Shoals:2 | Reached skill level 10 in Spellcasting
 34427 | Shoals:3 | Noticed SeriousVitamin's ghost (adept DEFE)
 34429 | Shoals:3 | Found a transporter.
 34820 | Shoals:3 | Found a transporter.
 35236 | Shoals:4 | Entered Level 4 of the Shoals
 35659 | Shoals:4 | Reached skill level 12 in Air Magic
 35660 | Shoals:4 | Reached skill level 10 in Fighting
 35723 | Shoals:4 | Identified the cursed +0 scale mail of Pucil {*Slow rC+
                  | Str+3} (You found it on level 4 of the Shoals)
 35736 | Shoals:4 | Got a barnacled rune of Zot
 35780 | Shoals:4 | Learned a level 9 spell: Tornado
 36136 | Shoals:4 | Identified Sif Muna's Papyrus of the Rocks and Feathers
 37047 | Vaults:1 | Entered Level 1 of the Vaults
 37518 | Vaults:1 | Found Foennesi's Antique Armour Shop.
 37526 | Vaults:1 | Bought a pair of shimmering boots for 380 gold pieces
 37536 | Vaults:1 | Identified the +2 pair of boots of Claustrophobia {MR+
                  | Str+2} (You bought it in a shop on level 1 of the Vaults)
 37585 | Vaults:1 | Noticed Donald
 37593 | Vaults:1 | Killed Donald
 37593 | Vaults:1 | Reached skill level 13 in Air Magic
 37593 | Vaults:1 | Reached XP level 19. HP: 139/140 MP: 33/33
 38867 | Vaults:2 | Reached skill level 14 in Air Magic
 39779 | Vaults:2 | Gained mutation: A meltable icy envelope protects you from
                  | harm. (AC +0) [demonic ancestry]
 39779 | Vaults:2 | Reached XP level 20. HP: 149/149 MP: 14/34
 39781 | Vaults:2 | Reached skill level 15 in Air Magic
 40759 | Vaults:3 | Got a bloodstained mace
 40760 | Vaults:3 | Identified the +9 mace of Dissent {flame, Str+5} (You found
                  | it on level 3 of the Vaults)
 41113 | Vaults:3 | Found a staircase to the Crypt.
 41334 | Vaults:3 | Reached skill level 16 in Air Magic
 41393 | Vaults:3 | Found Lidappue's Antique Weapon Emporium.
 42146 | Vaults:4 | Noticed Boris
 42162 | Vaults:4 | Killed Boris
 42212 | Vaults:4 | Reached skill level 17 in Air Magic
 42242 | Vaults:4 | Noticed Bai Suzhen
 42251 | Vaults:4 | Killed Bai Suzhen
 42259 | Vaults:4 | Reached XP level 21. HP: 107/155 MP: 25/35
 43179 | Vaults:4 | HP: 6/155 [yaktaur captain/+0 morningstar (27)]
 43860 | Depths:1 | Entered Level 1 of the Depths
 44201 | Depths:1 | Reached skill level 18 in Air Magic
 44785 | Depths:1 | Found a gateway to Hell.
 45041 | Depths:2 | Found Jut Uxag's Book Shop.
 45295 | Depths:2 | Noticed Margery
 45310 | Depths:2 | Killed Margery
 45387 | Depths:2 | Noticed Boris
 45401 | Depths:2 | Killed Boris
 45401 | Depths:2 | Reached skill level 19 in Air Magic
 45549 | Depths:2 | Found a one-way gate leading to the halls of Pandemonium.
 45603 | Depths:2 | Gained mutation: You evolve. [a neqoxec]
 45937 | Depths:2 | Reached XP level 22. HP: 152/163 MP: 36/36
 45970 | Depths:2 | Identified the Volume of the Lethal Rocks
 45989 | Depths:2 | Found a runed translucent door.
 45992 | Depths:2 | Found a runed translucent door.
 45993 | Depths:2 | Found a runed translucent door.
 46008 | Depths:2 | Identified the cursed +1 great sword of the Neverending
                  | Wars {flame, Str+5 Dex-4}
 46213 | Depths:2 | Reached skill level 20 in Air Magic
 47069 | Depths:3 | You fall through a shaft for 2 floors!
 47069 | Depths:5 | Entered Level 5 of the Depths
 47076 | Depths:5 | Found a gate to the Realm of Zot.
 47096 | Depths:5 | Reached skill level 21 in Air Magic
 47240 | Depths:5 | Found a one-way gate to the infinite horrors of the Abyss.
 47269 | Depths:5 | Identified the amulet "Ciryihiskugh" {RegenMP rF+ Dex+3}
 47358 | Depths:5 | Identified the +6 shortbow of the Extremely Mad {venom,
                  | rPois}
 47394 | Depths:5 | Found a gateway to a ziggurat.
 47646 | Depths:4 | Reached skill level 22 in Air Magic
 47920 | Depths:4 | Gained mutation: Your magical and physical power is
                  | enhanced at high health. [demonic ancestry]
 47920 | Depths:4 | Reached XP level 23. HP: 166/169 MP: 33/37
 48122 | Depths:4 | Identified a scroll of acquirement
 48125 | Depths:4 | Got a jewelled ring mail
 48136 | Depths:4 | Identified the +0 ring mail "Uleacvut" {rCorr Slay+3} (You
                  | acquired it on level 4 of the Depths)
 50160 | Depths:5 | Noticed a caustic shrike
 50161 | Depths:5 | Noticed an ancient lich
 50162 | Depths:5 | Noticed a caustic shrike
 50166 | Depths:5 | Killed a caustic shrike
 50169 | Depths:5 | Killed a caustic shrike
 50177 | Depths:5 | Noticed a juggernaut
 50178 | Depths:5 | Noticed a caustic shrike
 50178 | Depths:5 | HP: 4/169 [centaur warrior/arrow (12)]
 50224 | Depths:5 | Killed an ancient lich
 50284 | Depths:5 | Gained mutation: Your magical capacity is low. (-10% MP) [a
                  | shining eye]
 50553 | Depths:5 | Killed a caustic shrike
 51095 | Depths:5 | Killed a juggernaut
 51708 | Vaults:5 | Entered Level 5 of the Vaults
 51710 | Vaults:5 | Reached skill level 10 in Armour
 51711 | Vaults:5 | Reached skill level 23 in Air Magic
 51712 | Vaults:5 | Gained mutation: Your magical and physical power is greatly
                  | enhanced at high health. [demonic ancestry]
 51712 | Vaults:5 | Reached XP level 24. HP: 163/176 MP: 15/33
 51862 | Vaults:5 | Noticed an ancient lich
 51878 | Vaults:5 | Killed an ancient lich
 51944 | Vaults:5 | Learned a level 6 spell: Deflect Missiles
 51968 | Vaults:5 | Found the +8 orange crystal plate armour {Archmagi, Int+3
                  | Clar}
 51992 | Vaults:5 | Got a vibrating pewter amulet
 52006 | Vaults:5 | Lost mutation: Your magical capacity is low. (-10% MP)
                  | [evolution]
 52011 | Vaults:5 | Identified the Volume of Battle Magic and Air
 52062 | Vaults:5 | Identified the amulet of Bapit {+Rage Dex+8} (You found it
                  | on level 5 of the Vaults)
 52080 | Vaults:5 | Got a pitted graven amulet
 52081 | Vaults:5 | Identified the amulet of Yendor {RegenMP MR+} (You found it
                  | on level 5 of the Vaults)
 52304 | Vaults:5 | Identified the ring "Watyseg" {rPois rF+++ Int-5 Dex+3
                  | Stlth-} (You found it on level 5 of the Vaults)
 52446 | Vaults:5 | Identified the +2 rapier "Jogevy" {venom, rC+ MR- Dex+4
                  | Stlth+}
 52969 | Vaults:5 | Got a silver rune of Zot
 53088 | Vaults:5 | Killed from afar by a tengu reaver

Skill      XL: |  1  2  3  4  5  6  7  8  9 10 11 12 13 14 15 16 17 18 19 20 21 22 23 24 |
---------------+-------------------------------------------------------------------------+-----
Unarmed Combat | 3 4 5 6 7 9 11 12 13 14 15 16 17 18 19 | 19.6
Invocations    | 5 7 9 10 | 10.5
Fighting       | 4 5 7 8 9 10 11 | 11.4
Spellcasting   | 2 4 6 7 8 9 10 | 10.5
Conjurations   | 3 5 6 8 |  8.3
Air Magic      | 3 4 6 7 8 9 10 11 13 14 17 19 22 23 | 23.6
Armour         | 3 5 10 13 | 13.9
Transmutations | 4 5 |  5.6
Ice Magic      | 3 |  3.0
Dodging        | 5 7 8 |  8.2
Slings         | 6 11 | 11.9
Throwing       | |  1.7

Action                   |  1- 3 |  4- 6 |  7- 9 | 10-12 | 13-15 | 16-18 | 19-21 | 22-24 || total
-------------------------+-------+-------+-------+-------+-------+-------+-------+-------++-------
Melee: Unarmed           |   168 |   317 |   436 |   516 |   927 |   676 |   803 |   728 ||  4571
       Headbutt          |    11 |    51 |    79 |   178 |   325 |   256 |   339 |   316 ||  1555
       Punch             |     3 |     6 |    17 |    53 |   115 |    97 |   124 |   137 ||   552
       Kick              |       |       |    35 |    48 |       |       |       |       ||    83
       Staff             |       |       |       |       |       |     3 |     1 |       ||     4
 Fire: Fustibalus        |       |       |     4 |    17 |    49 |       |       |       ||    70
       Hunting sling     |       |       |       |       |    46 |   304 |   144 |    72 ||   566
Throw: Stone             |       |       |       |    21 |       |       |       |       ||    21
 Cast: Mephitic Cloud    |       |       |       |     3 |     7 |     6 |       |       ||    16
       Conjure Flame     |       |       |       |     2 |     4 |       |       |       ||     6
       Lightning Bolt    |       |       |       |       |     5 |     6 |     8 |     1 ||    20
       Blade Hands       |       |       |       |       |     6 |     1 |     2 |       ||     9
       Airstrike         |       |       |       |       |     4 |     4 |     1 |     3 ||    12
       Freezing Cloud    |       |       |       |       |    14 |    83 |    71 |    55 ||   223
       Tornado           |       |       |       |       |       |       |       |     6 ||     6
Invok: Slouch            |       |       |       |       |     1 |       |     2 |     6 ||     9
       Step From Time    |       |       |       |       |       |     1 |     1 |       ||     2
       Temporal Distorti |       |       |       |       |       |       |       |     1 ||     1
Evoke: Wand              |       |     3 |     5 |       |     2 |       |       |     2 ||    12
       Lightning rod     |       |       |       |     1 |       |       |       |       ||     1
       Phial of floods   |       |       |       |     1 |       |       |       |       ||     1
  Use: Potion            |       |     3 |     4 |     5 |       |       |     1 |    10 ||    23
       Scroll            |       |     4 |     6 |    16 |     3 |    10 |     3 |    20 ||    62
 Stab: Sleeping          |       |       |     5 |     7 |    16 |     7 |     7 |     2 ||    44
       Distracted        |       |       |       |     2 |     3 |       |       |       ||     5
       Confused          |       |       |       |     5 |     6 |     5 |       |       ||    16
       Petrified         |       |       |       |       |       |     2 |       |       ||     2
       Invisible         |       |       |       |       |       |       |       |     3 ||     3
  Eat: Chunk             |     4 |     9 |    12 |     9 |    25 |    19 |    18 |    12 ||   108
       Ration            |       |       |     2 |     2 |       |     2 |       |     2 ||     8
Armor: Leather armour    |    45 |     7 |   147 |       |       |       |       |       ||   199
       Scale mail        |       |    78 |       |   182 |   336 |   311 |   348 |   148 ||  1403
       Skin              |       |     2 |       |       |       |       |       |       ||     2
       Storm dragon scal |       |       |       |       |       |       |       |   260 ||   260
Dodge: Dodged            |   100 |   172 |   306 |   236 |   487 |   561 |   689 |   649 ||  3200
Block: Other             |       |       |    14 |    87 |   166 |   174 |   165 |    32 ||   638
       Reflection        |       |       |       |     1 |    22 |    35 |    31 |     3 ||    92
